Map: Deathaura LE

Players

Shmantalope

  • Race: Terran Terran
  • League: Diamond
  • Spawn Location: 5:00

A.I. 1 (Very Easy) - Winner!

  • Race: Zerg Zerg
  • Spawn Location: 11:00

VOD

Have the link to the VOD?

Description

Pure macro opening oriented around getting a low tech, near max, 2/2 army out for a 8-9 timing push. No harass. Ending could use refinement

Time

  • Played on: July 20, 2020, 9:34 p.m.
  • Length: 9:13
Show
View Real Time Build Order
Export as new Build Order

Shmantalope Terran 

Build Orders:  

Get SALT Encoding   

  12  0:01  SCV  
  13  0:14  SCV  
  14  0:17  Supply Depot  
  14  0:26  SCV  
  15  0:38  SCV  
  15  0:39  Barracks  
  16  0:49  Refinery  
  16  0:50  SCV  
  17  1:02  SCV  
  18  1:16  SCV  
  19  1:25  Marine  
  19  1:28  Orbital Command  
  20  1:38  Command Center  
  20  1:43  Marine  
  21  1:51  Supply Depot  
  21  1:53  SCV  
  22  2:06  SCV, Factory  
  23  2:12  Barracks Reactor  
  23  2:18  SCV  
  24  2:27  Barracks  
  24  2:30  SCV  
  25  2:40  Bunker  
  25  2:42  SCV  
  26  2:44  Refinery  
  26  2:49  Factory Tech Lab  
  26  2:51  Orbital Command  
  26  2:54  SCV  
  26  2:55  Marine x2  
  29  3:06  SCV  
  29  3:10  Supply Depot  
  30  3:12  Marine  
  30  3:13  Marine  
  30  3:14  Siege Tank  
  30  3:15  Marine  
  36  3:22  SCV x2  
  38  3:30  Marine x2  
  38  3:34  SCV x2, Marine  
  41  3:38  Engineering Bay  
  43  3:44  Supply Depot  
  43  3:46  SCV x2  
  45  3:48  Siege Tank  
  45  3:53  Marine x2  
  45  3:55  Barracks Tech Lab  
  50  3:58  SCV x2  
  52  4:03  Engineering Bay  
  52  4:07  Supply Depot  
  52  4:10  SCV x2  
  52  4:16  Refinery  
  54  4:18  Refinery  
  54  4:20  Marine x2  
  54  4:22  SCV x2  
  54  4:23  Marine  
  59  4:27  Siege Tank  
  62  4:34  SCV  
  62  4:35  SCV  
  62  4:37  Terran Infantry Weapons Level 1  
  64  4:39  Terran Infantry Armor Level 1  
  64  4:42  Marine  
  65  4:46  SCV  
  65  4:47  SCV  
  65  4:49  Supply Depot  
  65  4:51  Marine x2  
  69  4:54  Stimpack  
  69  4:58  SCV  
  70  5:11  SCV x2, Marine x3  
  70  5:13  Supply Depot x2  
  75  5:18  Armory  
  75  5:23  SCV x2  
  77  5:34  Command Center  
  77  5:35  SCV x2, Marine  
  79  5:36  Marine x2  
  79  5:40  Siege Tank  
  85  5:47  SCV x2  
  87  5:53  Marine x2  
  87  5:54  Barracks, Marine  
  87  5:55  Barracks  
  90  5:59  SCV x2  
  92  6:04  Starport  
  92  6:11  SCV, Marine  
  94  6:20  Supply Depot  
  94  6:30  SCV x2, Marine x3  
  94  6:31  Siege Tank  
  102  6:32  Terran Infantry Weapons Level 2  
  102  6:33  Combat Shield, Terran Infantry Armor Level 2  
  102  6:42  SCV x2  
  102  6:44  Barracks Reactor x2  
  102  6:46  Orbital Command  
  104  6:48  Marine x3  
  107  6:55  SCV x2  
  109  7:05  Orbital Command  
  109  7:06  Marine x3  
  109  7:07  SCV x2  
  114  7:22  Marine, Siege Tank  
  117  7:23  Marine x3  
  117  7:24  Medivac  
  117  7:29  Marine x2  
  125  7:32  Supply Depot  
  125  7:37  SCV x3, Marine  
  125  7:38  Supply Depot  
  125  7:43  Marine x2  
  125  7:44  Marine x2  
  133  7:54  SCV x3, Starport Reactor, Siege Tank  
  133  7:56  Supply Depot, Marine x2  
  141  7:59  Marine  
  141  8:00  Supply Depot  
  141  8:02  Barracks  
  141  8:03  Barracks  
  141  8:04  Barracks, Marine  
  141  8:05  Refinery x2  
  143  8:15  Marine x5  
  143  8:18  Supply Depot  
  148  8:20  SCV  
  148  8:21  SCV  
  148  8:23  Supply Depot  
  148  8:26  Siege Tank  
  153  8:28  Marine x2  
  153  8:31  Medivac x2  
  159  8:36  SCV x2  
  159  8:37  SCV  
  162  8:48  Command Center, SCV x2, Marine x7  
  165  8:49  Barracks Reactor  
  165  8:51  Barracks Reactor  
  165  8:54  SCV  
  172  8:58  Supply Depot  
  172  9:00  Supply Depot, SCV  
Show
View Real Time Build Order
Export as new Build Order

A.I. 1 (Very Easy) Zerg - Winner!

Build Orders: Pool First 

Get SALT Encoding   

  12  0:01  Drone  
  13  0:12  Overlord  
  13  0:16  Drone  
  14  0:35  Spawning Pool  
  13  0:36  Extractor  
  13  0:39  Drone  
  13  0:47  Drone  
  14  0:52  Overlord  
  14  1:22  Zergling x2  
  14  1:24  Queen  
  17  1:32  Roach Warren  
  16  1:35  Drone  
  16  1:38  Extractor  
  16  1:43  Drone  
  17  1:51  Zergling x2  
  18  2:02  Drone  
  19  2:10  Drone  
  20  2:17  Drone  
  20  2:19  Zergling x2  
  22  2:28  Overlord  
  22  2:31  Drone  
  23  2:38  Drone  
  24  2:46  Drone  
  24  2:48  Roach  
  27  7:26  Drone  
  27  7:27  Lair  
  28  7:32  Hatchery  
  28  7:33  Drone  
  28  7:40  Drone  
  29  7:48  Drone  
  29  7:55  Drone  
  29  7:56  Overlord  
  30  8:02  Drone  
  30  8:04  Zergling x2  
  28  8:27  Overseer x2  
  28  8:46  Drone, Roach  
  31  8:53  Drone, Extractor  
  31  8:57  Extractor  
  31  9:00  Drone  
Tags
 
League
Diamond
Matchup
TvZ
Opening
Pool First
Spawn Locations
Cross Positions
Add a new tag
Caveats
  • Supply blocks, unpowered buildings, or Contaminate may cause inaccurate times.
  • Supply counts are checked every 10 seconds.